 Dungeon Crawl Stone Soup version 0.20-a0-526-g753eaab (webtiles) character file.

163 kae the Changer (level 5, -2/42 HPs)
             Began as a Draconian Transmuter on Jan 26, 2017.
             Slain by an ogre
             ... wielding a +0 giant club
              (12 damage)
             ... on level 6 of the Dungeon.
             The game lasted 00:01:50 (2550 turns).

kae the Changer (Draconian Transmuter)              Turns: 2550, Time: 00:01:50

Health: -2/42      AC:  5    Str: 12    XL:     5   Next: 20%
Magic:  8/8        EV: 12    Int: 13    God:
Gold:   73         SH:  0    Dex: 13    Spells: 8/9 levels left

rFire    . . .     SeeInvis .     - Unarmed
rCold    . . .     Gourm    .   (armour unavailable)
rNeg     . . .     Faith    .   (no shield)
rPois    .         Spirit   .   (helmet restricted)
rElec    .         Reflect  .   (no cloak)
rCorr    .         Harm     .   (no gloves)
MR       .....                  (boots currently unavailable)
Stlth    +.........             j - amulet of inaccuracy (curse)
Regen    0.2/turn               (no ring)
                                (no ring)

@: appendage (expiring)
A: unfitting armour, talons 3, cold-blooded, AC +5
a: End Transformation


You were on level 6 of the Dungeon.
You were hungry.
You had grown temporary talons.
You visited 1 branch of the dungeon, and saw 4 of its levels.

You collected 73 gold pieces.

Inventory:

Missiles
 a - 59 arrows
Jewellery
 j - a cursed amulet of inaccuracy (around neck)
 m - an uncursed amulet of harm {unknown}
Scrolls
 g - 2 scrolls of immolation {unknown}
 p - a scroll of remove curse {unknown}
 r - a scroll of random uselessness {unknown}
 s - 2 scrolls of identify
Potions
 d - 2 potions of curing
 e - a potion of might
 h - a potion of mutation {unknown}
 i - 2 potions of berserk rage {unknown}
 k - a potion of brilliance {unknown}
 n - 2 potions of ambrosia {unknown}
 o - 2 potions of magic {unknown}
 t - a potion of cancellation {unknown}
Books
 b - a book of Changes

   Spells                             Type                      Level
   a - Beastly Appendage              Transmutation                1
   b - Sticks to Snakes               Transmutation                2
   c - Spider Form                    Transmutation/Poison         3
   d - Ice Form                       Ice/Transmutation            4
   e - Blade Hands                    Transmutation                5
Comestibles
 c - 2 bread rations
 f - 3 fruits
 q - a meat ration


   Skills:
 + Level 2.4 Fighting
 - Level 1.7 Dodging
 * Level 3.9 Unarmed Combat
 + Level 2.5 Spellcasting
 * Level 3.9 Transmutations


You had 8 spell levels left.
You knew the following spells:

 Your Spells              Type           Power        Failure   Level  Hunger
a - Beastly Appendage     Tmut           ##....       6%          1    #......


Dungeon Overview and Level Annotations

Branches:
Dungeon (3/15)

Altars:


Innate Abilities, Weirdness & Mutations

Your plain brown scales are hard. (AC +5)
You cannot fit into any form of body armour.
You are cold-blooded and may be slowed by cold attacks.
You have claws for feet.


Message History

The worker ant is moderately wounded.
The worker ant barely misses you.
You hit the worker ant.
The worker ant is severely wounded.
The worker ant bites you.
The worker ant bites you but does no damage.
The two-headed ogre barely misses you. The two-headed ogre misses you.
As you read the scroll of teleportation, it crumbles to dust.
You feel strangely unstable. The worker ant completely misses you.
Your transformation is almost over.
Your surroundings suddenly seem different. 4 jackals, an ogre and a skeleton come into view.
The jackal barks! x3; The ogre shouts!
The jackal barks!
You hear a shout!
The ogre hits you with a giant club!!
Ouch! That really hurt!
* * * LOW HITPOINT WARNING * * *
You hit the jackal. Your kick misses the jackal.
The jackal is heavily wounded.
The jackal barely misses you. The ogre hits you with a giant club!
You die...

######.#
#.@h...#
#Oh.......
#hhZ....⌠.
#.........
#......###
#......#
######.#
..


You could see an ogre, 4 jackals and a wyvern skeleton.

Vanquished Creatures
  A howler monkey (D:3)
  Ijyb (D:2)
  2 adders
  3 oozes
  A worm (D:2)
  5 dart slugs
  A leopard gecko (D:2)
  4 orcs (D:3)
  3 bats
  4 giant cockroaches (D:1)
  10 goblins
  2 hobgoblins
  8 kobolds
  6 frilled lizards
  5 rats
56 creatures vanquished.

Notes
Turn   | Place    | Note
-------+----------+-------------------------------------------
     0 | D:1      | kae the Draconian Transmuter began the quest for the Orb.
     0 | D:1      | Reached XP level 1. HP: 16/16 MP: 3/3
    92 | D:1      | Reached XP level 2. HP: 20/23 MP: 5/5
   688 | D:1      | Reached XP level 3. HP: 26/29 MP: 6/6
  1445 | D:2      | Noticed Ijyb
  1459 | D:2      | Killed Ijyb
  1459 | D:2      | Reached XP level 4. HP: 27/36 MP: 5/7
  2382 | D:3      | Reached XP level 5. HP: 37/42 MP: 8/8
  2538 | D:3      | You fall through a shaft for 3 floors!
  2538 | D:6      | Noticed a two-headed ogre
  2549 | D:6      | Noticed an ogre
  2550 | D:6      | Slain by an ogre

Vault maps used:
D:1:      erik_arrival_blinker_ship
D:2:      grunt_decor_fettered, uniq_iyjb
D:3:      first_bread, corexii_item_surrounded_by_moat
D:6:      minmay_temple_entry_junction

Skill      XL: |  1  2  3 |
---------------+----------+-----
Transmutations | 3 |  3.9
Fighting       | 2 |  2.4
Dodging        | |  1.7
Unarmed Combat | |  3.9
Spellcasting   | |  2.5

Action                   |  1- 3 |  4- 6 || total
-------------------------+-------+-------++-------
Melee: Unarmed           |   125 |    83 ||   208
       Tailslap          |    12 |     6 ||    18
       Kick              |     3 |     4 ||     7
       Headbutt          |     4 |     3 ||     7
       Punch             |     1 |       ||     1
 Cast: Beastly Appendage |     4 |     8 ||    12
  Use: Scroll            |     3 |     3 ||     6
 Stab: Sleeping          |     2 |     1 ||     3
  Eat: Chunk             |     2 |     3 ||     5
Armor: Skin              |    37 |    19 ||    56
Dodge: Dodged            |    74 |    52 ||   126
